 Dungeon Crawl Stone Soup version 0.17-a0-2127-g1cb09f6 (webtiles) character file.

1257 Ordine the Basher (level 8, 0/78 HPs)
             Began as an Ogre Berserker on Oct 23, 2015.
             Was a Priest of Trog.
             Shot with an arrow by a centaur (6 damage)
             ... on level 6 of the Dungeon.
             The game lasted 00:13:00 (6918 turns).

Ordine the Basher (Ogre Berserker)                  Turns: 6918, Time: 00:13:01

Health: 0/78       AC:  4    Str: 25    XL:     8   Next: 51%
Magic:  8/8        EV: 10    Int:  6    God:    Trog [***...]
Gold:   272        SH:  0    Dex:  9    Spells: 0 memorised, 7 levels left

rFire  . . .     SeeInvis .     k - +0 morningstar
rCold  . . .     Clarity  .     b - +0 animal skin
rNeg   . . .     SustAt   .     (no shield)
rPois  .         Gourm    .     (helmet restricted)
rElec  .         Spirit   .     n - +0 cloak
rCorr  .         Warding  .     (gloves unavailable)
rMut   .         Stasis   .     (boots unavailable)
MR     .....                    (no amulet)
Stlth  +.........               (no ring)
                                (no ring)

@: lethally poisoned (0 -> -1), about to teleport, flying, very slightly
contaminated, hasted, very quick, not resistant to hostile enchantments, very
unstealthy
A: unfitting armour, tough skin 1
a: Berserk, Trog's Hand, Burn Spellbooks, Renounce Religion


You were on level 6 of the Dungeon.
You worshipped Trog.
Trog was most pleased with you.
You were hungry.

You visited 2 branches of the dungeon, and saw 7 of its levels.

You collected 272 gold pieces.

Inventory:

Hand Weapons
 k - a +0 morningstar (weapon)
 o - a +1 great mace
Missiles
 d - 150 stones (quivered)
 q - 5 tomahawks
 w - 21 poisoned needles
Armour
 b - a +0 animal skin (worn)
 n - a +0 cloak (worn)
Wands
 j - a wand of hasting (5)
Scrolls
 h - 6 scrolls of enchant armour
 m - a scroll of recharging
 p - 2 scrolls of fog
 x - a scroll of remove curse
Potions
 e - a potion of magic {unknown}
 i - 2 potions of curing
 l - 2 potions of mutation {unknown}
 r - a potion of cancellation {unknown}
Comestibles
 c - 6 bread rations
 f - a royal jelly
 s - 2 slices of pizza
 v - a meat ration


   Skills:
 - Level 4.0 Fighting
 * Level 12.9 Maces & Flails
 + Level 1.4 Throwing
 - Level 2.6 Dodging


You had 7 spell levels left.
You didn't know any spells.

Dungeon Overview and Level Annotations

Branches:
Dungeon (6/15)             Temple (1/1) D:5

Altars:
Ashenzari
Cheibriados
Dithmenos
Fedhas
Gozag
Kikubaaqudgha
Makhleb
Nemelex Xobeh
Okawaru
Qazlal
Ru
Sif Muna
Trog
Vehumet
Xom
Yredelemnul
Zin
The Shining One

Shops:
D:6 (

Annotations:
D:6 Dowan, Duvessa, Prince Ribbit


Innate Abilities, Weirdness & Mutations

You are too large for most types of armour.
You have tough skin (AC +1).


Message History

Drink which item? (? for menu, Esc to quit)
You feel better. The adder bites you but does no damage.
The centaur shoots an arrow.
The arrow hits you.
* * * LOW HITPOINT WARNING * * *
Read which item? (? for menu, Esc to quit)
As you read the scroll of teleportation, it crumbles to dust.
You feel strangely unstable. The worker ant bites you.
* * * LOW HITPOINT WARNING * * *
You are poisoned.
The worker ant poisons you! The adder bites you.
* * * LOW HITPOINT WARNING * * *
The centaur shoots an arrow.
The arrow hits you but does no damage.
Dowan, Brother of Duvessa comes into view.
He is wielding a dagger.
You closely miss the adder.
The adder is almost dead.
You feel sick.
Dowan shouts!
The adder bites you but does no damage. The worker ant barely misses you.
The centaur shoots an arrow.
The arrow hits you.
You die...

###..#....[...#
#..#..(e....#
#.F#........#
###..#........#
.....#..e.....#
###....((....# ##.
##.#.l.##### #..
##c#a###### #.#
###.'@S....# #.#
###...#+#%....# ##
#.###...##...#...##
.##
#.##..#....#.##.##
..## #.......#### #
.# #..###)#...### #
##.....#.).#
###..)##.....
......###.####


You could see Duvessa, Dowan, a centaur, an iguana, a worker ant and an adder.

Vanquished Creatures
  Grinder (D:5)
  2 phantoms
  A centaur (D:5)
  Blork the orc (D:6)
  A giant frog (D:5)
  A scorpion (D:5)
  A crimson imp (D:5)
  2 orc priests (D:4)
  2 orc wizards (D:4)
  A centaur skeleton (D:5)
  3 iron imps
  3 hounds
  2 worker ants (D:4)
  8 adders
  4 gnolls (D:2)
  An ooze (D:5)
  An adder zombie (D:6)
  An adder skeleton (D:4)
  2 worms
  2 giant geckos
  11 orcs
  8 bats
  8 giant cockroaches
  5 hobgoblins
  10 kobolds
  3 quokkas
  3 ball pythons
  A giant newt (D:2)
  3 goblins
  6 rats
98 creatures vanquished.

Notes
Turn   | Place    | Note
--------------------------------------------------------------
     0 | D:1      | Ordine the Ogre Berserker began the quest for the Orb.
     0 | D:1      | Reached XP level 1. HP: 24/24 MP: 1/1
    28 | D:1      | Found a glowing golden altar of the Shining One.
   198 | D:1      | Reached XP level 2. HP: 16/32 MP: 2/2
   696 | D:1      | Reached skill level 5 in Maces & Flails
   872 | D:2      | Reached XP level 3. HP: 34/39 MP: 3/3
   966 | D:2      | Found an ancient bone altar of Kikubaaqudgha.
  1211 | D:2      | Reached ** piety under Trog
  1669 | D:2      | Reached skill level 6 in Maces & Flails
  1674 | D:2      | Reached XP level 4. HP: 32/48 MP: 4/4
  2142 | D:3      | Found a glowing golden altar of the Shining One.
  2151 | D:3      | Found a basalt altar of Yredelemnul.
  2160 | D:3      | Noticed a profane servitor
  2180 | D:3      | Found a faded altar to an unknown god.
  2333 | D:3      | Found a deep blue altar of Sif Muna.
  2424 | D:3      | Found a shattered altar of Ashenzari.
  2430 | D:3      | Reached skill level 7 in Maces & Flails
  2597 | D:3      | Reached XP level 5. HP: 40/54 MP: 5/5
  3094 | D:3      | Noticed an angel
  3447 | D:4      | Reached skill level 8 in Maces & Flails
  3797 | D:4      | Reached *** piety under Trog
  3797 | D:4      | Reached XP level 6. HP: 57/62 MP: 6/6
  3830 | D:4      | Reached skill level 9 in Maces & Flails
  4151 | D:4      | Found a burning altar of Makhleb.
  4692 | D:5      | Entered Level 5 of the Dungeon
  4706 | D:5      | Reached skill level 10 in Maces & Flails
  4706 | D:5      | Reached XP level 7. HP: 53/70 MP: 7/7
  4765 | D:5      | Found a staircase to the Ecumenical Temple.
  4980 | Temple   | Entered the Ecumenical Temple
  5405 | D:5      | Found a shadowy altar of Dithmenos.
  5415 | D:5      | Noticed Grinder
  5430 | D:5      | Killed Grinder
  5430 | D:5      | Reached skill level 11 in Maces & Flails
  5728 | D:5      | Reached skill level 12 in Maces & Flails
  5728 | D:5      | Reached XP level 8. HP: 52/78 MP: 8/8
  6156 | D:5      | Found a stormy altar of Qazlal.
  6203 | D:5      | Found a glowing silver altar of Zin.
  6203 | D:5      | Found an opulent altar of Gozag.
  6557 | D:6      | Reached skill level 1 in Throwing
  6617 | D:6      | Noticed Blork the orc
  6632 | D:6      | Killed Blork the orc
  6879 | D:6      | Noticed Prince Ribbit
  6885 | D:6      | Found Irurrox's Antique Weapon Shop.
  6913 | D:6      | Noticed Duvessa
  6918 | D:6      | Noticed Dowan
  6918 | D:6      | Shot with an arrow by a centaur

Vault maps used:
D:1:      ncdulo_lavacross, tso_metal_star
D:2:      lemuel_doored_altar
D:3:      grunt_temple_overflow_holy_war, cheibrodos_ashenzari_chains,
          nicolae_overflow_hidden_temple, ecumenical_altar_1, minivault_5,
          serial_bayou_pond_b
D:4:      demons_altar, first_bread, kennysheep_dice
D:5:      nicolae_overflow_crystal_walls, grunt_qazlal_clouds,
          grunt_temple_overflow_gold_and_silver,
          minmay_temple_entry_butterflies, uniq_grinder
D:6:      serial_shops, nicolae_shop_behind_doors, minmay_misc_feat_rows,
          uniq_prince_ribbit1, uniq_blork_the_orc, uniq_duvessa
Temple:   hc_temple_tempest_star

Action                   |  1- 3 |  4- 6 |  7- 9 || total
-------------------------+-------+-------+-------++-------
Melee: Mace              |   106 |    69 |       ||   175
       Morningstar       |       |   106 |   134 ||   240
Throw: Throwing net      |       |       |     2 ||     2
Invok: Burn Spellbooks   |       |     1 |       ||     1
  Use: Scroll            |     4 |     5 |     2 ||    11
       Potion            |       |       |     5 ||     5
 Stab: Held in net/web   |     1 |       |       ||     1
       Sleeping          |     1 |       |       ||     1
  Eat: Chunk             |     2 |     9 |     6 ||    17
       Beef jerky        |       |       |     1 ||     1
